 Dungeon Crawl Stone Soup version 0.30-a0-1160-g6e42c06551 (webtiles) character file.

Game seed: 15534616101620429458

13230 hylldorc the Cleaver (level 12, 0/107 HPs)
             Began as a Hill Orc Fighter on Apr 25, 2023.
             Was a High Priest of Beogh.
             Slain by a two-headed ogre
             ... wielding a +0 giant spiked club
              (12 damage)
             ... on level 2 of the Orcish Mines.
             The game lasted 01:06:33 (12121 turns).

hylldorc the Cleaver (Hill Orc Fighter)            Turns: 12121, Time: 01:06:34

Health: 0/107      AC: 13    Str: 22    XL:     12   Next: 3%
Magic:  13/13      EV: 15    Int: 10    God:    Beogh [*****.]
Gold:   522        SH:  5    Dex: 10    Spells: 12/13 levels left

rFire   . . .        D - +6 hand axe (heavy)
rCold   . . .        c - +0 buckler
rNeg    . . .        t - +3 scale mail
rPois   .            q - +0 helmet
rElec   .            (no cloak)
rCorr   .            (no gloves)
SInv    +            (no boots)
Will    .....        (no amulet) Stlth
                     g - +4 ring of slaying
HPRegen 0.37/turn    N - ring of the Albatross {EV+5 SInv}
MPRegen 0.13/turn

%: no passive effects
@: no status effects
A: walk on water, talons 1
a: Renounce Religion, Smiting, Recall Orcish Followers, Give Item to Named
Follower


You were on level 2 of the Orcish Mines.
You worshipped Beogh.
Beogh was extremely pleased with you.
You visited 3 branches of the dungeon, and saw 13 of its levels.
You also visited: Bailey.

You collected 522 gold pieces.

Inventory:

Hand Weapons
 a - a +1 war axe
 D - a +6 heavy hand axe (weapon)
Missiles
 L - a curare-tipped dart (quivered)
Armour
 c - a +0 buckler (worn)
 i - a +0 plate armour
 q - a +0 helmet (worn)
 s - +0 acid dragon scales
 t - a +3 scale mail (worn)
 M - +0 acid dragon scales
Jewellery
 g - a +4 ring of slaying (left hand)
 m - a ring of willpower
 n - a ring of fire
 p - a ring of poison resistance
 E - a +4 ring of protection
 N - the ring of the Albatross (right hand) {EV+5 SInv}
   (You found it on level 9 of the Dungeon)

   [ring of evasion]

   EV:        It affects your evasion (+5).
   SInv:      It lets you see invisible.
Wands
 y - a wand of paralysis (25)
 z - a wand of iceblast (11)
Scrolls
 d - a scroll of butterflies {unknown}
 j - a scroll of brand weapon {unknown}
 k - 2 scrolls of fog
 l - 3 scrolls of magic mapping
 u - 3 scrolls of blinking
 v - 2 scrolls of silence
 w - 4 scrolls of torment
 B - 2 scrolls of noise
 C - 3 scrolls of fear
 F - a scroll of teleportation {unknown}
 H - a scroll of acquirement {unknown}
 J - a scroll of amnesia {unknown}
 K - a scroll of enchant armour {unknown}
Potions
 b - 3 potions of haste
 e - a potion of invisibility {unknown}
 f - a potion of magic
 h - 2 potions of degeneration {unknown}
 o - 4 potions of flight
 r - a potion of attraction {unknown}
 x - 2 potions of cancellation
 A - a potion of experience {unknown}
 G - 3 potions of brilliance
 I - a potion of lignification {unknown}
 P - a potion of berserk rage {unknown}
Miscellaneous
 O - a phantom mirror


   Skills:
 * Level 10.4 Fighting
 * Level 14.7 Axes
 * Level 10.0 Armour
 - Level 3.0 Dodging
 - Level 2.1 Stealth
 * Level 7.6 Shields
 - Level 1.0 Spellcasting
 * Level 2.9 Conjurations
 - Level 5.0 Fire Magic


You had 12 spell levels left.
You knew the following spells:

 Your Spells              Type           Power      Damage    Failure   Level
a - Foxfire               Conj/Fire      32%        2x1d5     19%         1

Your spell library contained the following spells:

 Spells                   Type           Power      Damage    Failure   Level
 Necrotise                Necr           0%         1d4       65%         1
 Volatile Blastmotes      Fire/Tloc      10%        2d10      67%         3
 Poisonous Vapours        Pois/Air       0%         N/A       80%         2
 Sublimation of Blood     Necr           0%         N/A       80%         2
 Portal Projectile        Hex/Tloc       0%         N/A       95%         3
 Tukima's Dance           Hex            0%         N/A       95%         3
 Vampiric Draining        Necr           0%         2d6       95%         3
 Vhi's Electric Charge    Tloc/Air       0%         N/A       95%         3
 Petrify                  Tmut/Erth      0%         N/A       100%        4
 Agony                    Necr           0%         N/A       100%        5
 Arcjolt                  Conj/Air       1%         1d11      100%        5
 Blade Hands              Tmut           0%         N/A       100%        5
 Irradiate                Conj/Tmut      1%         3d12      100%        5
 Maxwell's Capacitive Co  Air            0%         ∞         100%        8


Dungeon Overview and Level Annotations

Branches:
Dungeon (10/15)            Temple (1/1) D:5            Lair (0/5) D:9
    Orc (2/2) D:10         Bailey (visited)
    Elf: Orc:2

Altars:
Ashenzari
Cheibriados
Dithmenos
Elyvilon
Fedhas
Gozag
Hepliaklqana
Kikubaaqudgha
Makhleb
Nemelex Xobeh
Okawaru
Qazlal
Ru
Sif Muna
Trog
Uskayaw
Vehumet
Wu Jian
Xom
Yredelemnul
Zin
The Shining One

Shops:
D:3 !


Innate Abilities, Weirdness & Mutations

You can walk on water.
You have sharp toenails.


Message History

You slash the ogre mage!
The ogre mage is severely wounded.
You slash the two-headed ogre! You closely miss the two-headed ogre.
The two-headed ogre closely misses you. x2
The ogre mage points at you and mumbles some strange words.
The bolt of magma misses you. The two-headed ogre misses you.
The two-headed ogre hits you with a +0 giant club!!
You slice the ogre mage!!
You kill the ogre mage!
Beogh accepts your kill.
Your orc wizard looks more experienced.
You slash the two-headed ogre! You slice the two-headed ogre!!
Your orc wizard points at the two-headed ogre and mumbles some strange words.
The magic dart hits the two-headed ogre.
The two-headed ogre barely misses you. The two-headed ogre misses you.
Your Armour skill increases to level 10!
You have reached level 12!
You slash the two-headed ogre! You claw the two-headed ogre.
The two-headed ogre is almost dead.
You hit the two-headed ogre. You slash the two-headed ogre!
The orc warrior misses your orc wizard.
The two-headed ogre hits you with a +0 giant club!!
* * * LOW HITPOINT WARNING * * *
The two-headed ogre closely misses you.
The two-headed ogre hits you with a +0 giant spiked club!
* * * LOW HITPOINT WARNING * * *
You block the two-headed ogre's attack. The two-headed ogre barely misses you.
You block the two-headed ogre's attack.
You slash the orc wizard! You claw the orc wizard.
You kill the orc wizard!
Beogh accepts your kill.
You slash the two-headed ogre! x2
You kill the two-headed ogre!
Beogh accepts your kill.
Your orc wizard looks more experienced.
You slice the two-headed ogre!!
Your orc wizard hits the two-headed ogre with a +0 dagger.
You block the two-headed ogre's attack.
The two-headed ogre hits you with a +0 giant club!
You die...

###.......#
##.......##
#####.........#
##.#...........#
##...............#
#.........###......
#.....$...# ##.....
#.......)## .....
##......O@# ...
#......OO#
#.##....oo.
###.....o...
#..........
##........#
##......## #.......


You could see 3 two-headed ogres, an orc warrior, an orc priest and a friendly
orc wizard (invisible).

Vanquished Creatures
  2 vault guards (Bailey)
  An ogre mage (Orc:2)
  2 two-headed ogres
  2 unseen horrors (D:10)
  Psyche (D:8)
  Prince Ribbit (Bailey)
  2 hornets
  Eustachio (D:6)
  16 yaks
  A wyvern (D:10)
  6 humans (Bailey)
  A warg (Orc:2)
  Edmund (D:4)
  Duvessa (D:4)
  2 acid dragons
  6 water moccasins
  3 black bears
  3 ice beasts
  A sky beast (D:8)
  3 orc warriors
  2 centaurs
  2 phantoms
  4 kobold brigands
  14 bullfrogs
  A gnoll sergeant (D:9)
  Blork the orc (D:4)
  3 scorpions (D:7)
  3 wights (D:7)
  Dowan (D:4)
  3 killer bees (D:9)
  4 howler monkeys
  5 crimson imps (D:9)
  A gnoll bouda (D:10)
  3 jellies
  9 orc priests
  Natasha (thrice) (D:3)
  A sleepcap (D:6)
  6 iguanas
  9 orc wizards
  A mummy (D:7)
  Robin (D:4)
  18 gnolls
  4 adders
  A shadow imp (D:8)
  3 white imps
  3 ufetubi
  5 dart slugs
  26 orcs
  7 endoplasms
  3 giant cockroaches
  23 goblins
  9 hobgoblins
  A quokka (D:2)
  8 ball pythons
  3 bats
  4 frilled lizards (D:1)
  A hobgoblin zombie (D:7)
  17 kobolds
  3 orc zombies (D:7)
  7 rats
279 creatures vanquished.

Vanquished Creatures (collateral kills)
  A two-headed ogre (D:10)
  An acid dragon (D:9)
  An orc warrior (D:10)
  3 crimson imps (D:9)
  An orc wizard (D:10)
  A gnoll (D:10)
  2 orcs (D:10)
10 creatures vanquished.

Vanquished Creatures (others)
  An orc warrior (D:9)
  A hound (D:3)
  An orc priest (D:3)
  A worm (D:3)
  14 orcs
  A ball python (D:3)
  2 jackals (D:3)
  46 foxfires
  31 fungi (D:9)
  27 plants (D:9)
125 creatures vanquished.

Grand Total: 414 creatures vanquished

Notes
Turn   | Place    | Note
-------+----------+-------------------------------------------
     0 | D:1      | hylldorc the Hill Orc Fighter began the quest for the Orb.
     0 | D:1      | Reached XP level 1. HP: 19/19 MP: 1/1
   214 | D:1      | Reached XP level 2. HP: 27/27 MP: 2/2
   365 | D:1      | Reached skill level 3 in Axes
   841 | D:1      | Reached XP level 3. HP: 33/33 MP: 3/3
  1693 | D:2      | Identified the +3 leather armour of Nuim {rElec}
  2049 | D:3      | Reached XP level 4. HP: 40/40 MP: 4/4
  2060 | D:3      | Reached skill level 4 in Axes
  2064 | D:3      | HP: 2/40 [gnoll/+0 halberd (4)]
  2255 | D:3      | Reached XP level 5. HP: 46/46 MP: 5/5
  2260 | D:3      | Became a worshipper of Beogh the Brigand
  2442 | D:3      | Noticed Natasha
  2453 | D:3      | Killed Natasha
  2491 | D:3      | Noticed Natasha
  2496 | D:3      | Killed Natasha
  2643 | D:3      | Found Rotiuk's Distillery.
  2677 | D:3      | Noticed Natasha
  2686 | D:3      | Killed Natasha
  2687 | D:3      | Reached skill level 1 in Stealth
  2820 | D:4      | Noticed Robin
  2830 | D:4      | Noticed a phantom
  2846 | D:4      | Killed a phantom
  2847 | D:4      | Reached skill level 5 in Axes
  2847 | D:4      | Reached skill level 1 in Dodging
  2847 | D:4      | Reached XP level 6. HP: 50/53 MP: 6/6
  2850 | D:4      | Killed Robin
  2890 | D:4      | Noticed a yak
  3114 | D:4      | Reached * piety under Beogh
  3239 | D:4      | Noticed Blork the orc
  3247 | D:4      | Killed Blork the orc
  3248 | D:4      | Reached skill level 6 in Axes
  3312 | D:4      | Reached XP level 7. HP: 45/60 MP: 7/7
  3694 | D:4      | Noticed Dowan
  3694 | D:4      | Noticed Duvessa
  3708 | D:4      | Killed Dowan
  3709 | D:4      | Reached skill level 5 in Fighting
  3717 | D:4      | Killed Duvessa
  3718 | D:4      | Reached skill level 5 in Armour
  3950 | D:4      | Reached skill level 7 in Axes
  4094 | D:4      | Noticed Edmund
  4108 | D:4      | Killed Edmund
  4109 | D:4      | Reached XP level 8. HP: 46/69 MP: 8/8
  4396 | D:4      | Noticed a yak
  4396 | D:4      | Noticed a yak
  4416 | D:4      | Killed a yak
  4421 | D:4      | Killed a yak
  4422 | D:4      | Reached skill level 8 in Axes
  4425 | D:4      | Killed a yak
  4617 | D:5      | Entered Level 5 of the Dungeon
  4984 | D:5      | Found a staircase to the Ecumenical Temple.
  5046 | D:5      | Reached skill level 9 in Axes
  5169 | D:5      | Reached skill level 5 in Shields
  5233 | D:5      | Got Xitib's Lectures on Ashes and the Gift
  5250 | D:5      | Learned a level 1 spell: Foxfire
  5578 | Temple   | Entered the Ecumenical Temple
  5636 | D:5      | Gained mutation: You expend magic power (3 MP) to
                  | strengthen your wands. [potion of mutation]
  5636 | D:5      | Gained mutation: You are partially covered in iridescent
                  | scales. (AC +2) [potion of mutation]
  5698 | D:6      | Reached XP level 9. HP: 77/77 MP: 9/9
  5698 | D:6      | Reached ** piety under Beogh
  5879 | D:6      | Reached skill level 1 in Fire Magic
  5891 | D:6      | Reached skill level 1 in Conjurations
  5903 | D:6      | Reached skill level 10 in Axes
  6090 | D:6      | Found a stormy altar of Qazlal.
  6165 | D:6      | Noticed Eustachio
  6214 | D:6      | Killed Eustachio
  6287 | D:6      | Reached skill level 1 in Spellcasting
  6825 | D:7      | Found a glowing golden altar of the Shining One.
  6841 | D:7      | Found a sacrificial altar of Ru.
  6974 | D:7      | Reached skill level 11 in Axes
  7103 | D:7      | Reached *** piety under Beogh
  7222 | D:7      | Found a flagged portal.
  7239 | Bailey   | Entered a bailey
  7268 | Bailey   | Reached XP level 10. HP: 29/86 MP: 11/11
  7457 | Bailey   | Noticed Prince Ribbit
  7458 | Bailey   | Noticed a vault guard
  7465 | Bailey   | Killed Prince Ribbit
  7475 | Bailey   | Killed a vault guard
  7476 | Bailey   | Reached skill level 12 in Axes
  7784 | Bailey   | Noticed a vault guard
  7804 | Bailey   | Killed a vault guard
  8581 | D:7      | Reached skill level 13 in Axes
  8727 | D:7      | Lost mutation: You are partially covered in iridescent
                  | scales. (AC +2) [potion of mutation]
  8727 | D:7      | Lost mutation: You expend magic power (3 MP) to strengthen
                  | your wands. [potion of mutation]
  8727 | D:7      | Gained mutation: You have sharp toenails. [potion of
                  | mutation]
  8994 | D:7      | Found a sparkling altar of Nemelex Xobeh.
  9001 | D:7      | Found a blossoming altar of Fedhas.
  9009 | D:7      | Found a hide-covered altar of Uskayaw.
  9022 | D:7      | Found a hazy altar of Hepliaklqana.
  9027 | D:7      | Found an ancient bone altar of Kikubaaqudgha.
  9330 | D:8      | Reached **** piety under Beogh
  9343 | D:8      | Reached XP level 11. HP: 92/95 MP: 12/12
  9419 | D:8      | Noticed Psyche
  9431 | D:8      | Killed Psyche
 10413 | D:9      | Found a staircase to the Lair.
 10549 | D:9      | Reached skill level 14 in Axes
 10737 | D:9      | Identified the ring of the Albatross {EV+5 SInv}
 10855 | D:9      | Found a shimmering altar of Xom.
 10855 | D:9      | Found a burning altar of Makhleb.
 10974 | D:9      | Reached skill level 5 in Fire Magic
 11063 | D:10     | Entered Level 10 of the Dungeon
 11129 | D:10     | Noticed a two-headed ogre
 11131 | D:10     | Killed a two-headed ogre
 11206 | D:10     | Reached ***** piety under Beogh
 11210 | D:10     | Found a staircase to the Orcish Mines.
 11316 | D:10     | Noticed a two-headed ogre
 11318 | D:10     | Reached skill level 10 in Fighting
 11326 | D:10     | Killed a two-headed ogre
 11730 | D:10     | Found a broken altar of Ashenzari.
 11733 | D:10     | Found a white marble altar of Elyvilon.
 12017 | Orc:1    | Entered Level 1 of the Orcish Mines
 12088 | Orc:2    | Entered Level 2 of the Orcish Mines
 12110 | Orc:2    | Noticed an ogre mage
 12110 | Orc:2    | Noticed a two-headed ogre
 12111 | Orc:2    | Noticed a two-headed ogre
 12113 | Orc:2    | Noticed a two-headed ogre
 12113 | Orc:2    | Noticed a two-headed ogre
 12119 | Orc:2    | Killed an ogre mage
 12120 | Orc:2    | Reached skill level 10 in Armour
 12120 | Orc:2    | Reached XP level 12. HP: 46/107 MP: 13/13
 12121 | Orc:2    | Killed a two-headed ogre
 12121 | Orc:2    | Slain by a two-headed ogre

Illustrated notes

Levels and vault maps discovered:
D:1:      psy_arrival_basics, layout_loops_corners,
          chequers_serial_rivers_marsh, grunt_decor_one_mirror
D:2:      layout_loops_corners
D:3:      layout_rooms, serial_shops, shop,
          nicolae_concentric_dashed_squares_wild, uniq_natasha
D:4:      layout_loops_ring, minmay_misc_feat_alley, uniq_duvessa,
          uniq_blork_the_orc, uniq_edmund, uniq_robin
D:5:      layout_basic, minmay_temple_entry_antechambers
D:6:      layout_basic, nicolae_qazlal_general_emergency, uniq_eustachio
D:7:      layout_rooms, grunt_temple_overflow_octagram, enter_bailey_3,
          minmay_mini_ossuary
D:8:      layout_loops_ring, eino_curves_04, uniq_psyche
D:9:      layout_rooms, grunt_temple_overflow_champion_of_chaos,
          due_lair_maze_entry_diamond, minmay_nine_imps
D:10:     layout_loops_ring, minitemple, hiddenorc1_lemuel
Temple:   hellmonk_temple_rainy
Orc:1:    layout_caves, gammafunk_ghost_smash, nicolae_orc_crystal_geode
Orc:2:    st_orc_mages, layout_diamond_mine

Skill      XL: |  1  2  3  4  5  6  7  8  9 10 11 |
---------------+----------------------------------+-----
Fighting       | 4 5 6 7 8 10 | 10.4
Axes           | 3 4 5 6 7 9 11 13 14 | 14.7
Armour         | 4 5 6 8 10 | 10.0
Stealth        | 1 2 |  2.1
Shields        | 4 5 6 7 |  7.6
Dodging        | 1 2 3 |  3.0
Fire Magic     | 2 4 5 |  5.0
Conjurations   | 1 2 |  2.9
Spellcasting   | 1 |  1.0

Action                     |  1- 3 |  4- 6 |  7- 9 | 10-12 || total
---------------------------+-------+-------+-------+-------++-------
  Melee: War axe           |   113 |   136 |   329 |    12 ||   590
         Hand axe          |       |       |       |   302 ||   302
         Kick              |       |       |       |    58 ||    58
   Cast: Foxfire           |       |       |    18 |     7 ||    25
 Invoke: Convert to Beogh  |       |     1 |       |       ||     1
    Use: Scroll            |     7 |     2 |     7 |     4 ||    20
         Potion            |       |     3 |     4 |     3 ||    10
 Armour: Scale mail        |    25 |    28 |   151 |    88 ||   292
         Plate armour      |    28 |    50 |       |       ||    78
         Skin              |       |       |       |     9 ||     9
  Dodge: Dodged            |    54 |    61 |   153 |   127 ||   395
  Block: Buckler           |    22 |    40 |    84 |    69 ||   215

Table legend: (Time is in decaauts)
 A = Elapsed time spent in this place.
 B = Non-inter-level travel time spent in this place.
 C = Inter-level travel time spent in this place.
 D = Time resting spent in this place.
 E = Time spent auto-exploring this place.
 F = Levels seen in this place.
 G = Mean time per level.
                   A        B        C        D        E       F      G
               +--------+--------+--------+--------+--------+-----+--------+
         Total |  12243 |  10714 |   1529 |   1795 |   6425 |  14 |  874.5 |
       Dungeon |  10837 |   9321 |   1516 |    999 |   6093 |  10 | 1083.7 |
        Temple |     27 |     14 |     13 |      0 |      9 |   1 |   27.0 |
  Orcish Mines |    102 |    102 |      0 |      0 |     68 |   2 |   51.0 |
        Bailey |   1274 |   1274 |      0 |    796 |    255 |   1 | 1274.0 |
               +--------+--------+--------+--------+--------+-----+--------+

Top non-repeatable levels by time:
     D:4: 1844 daAuts
  Bailey: 1274 daAuts
     D:8: 1270 daAuts
     D:6: 1163 daAuts
     D:1: 1078 daAuts
     D:7: 1015 daAuts
     D:5: 994 daAuts
     D:2: 981 daAuts
    D:10: 950 daAuts
     D:3: 834 daAuts
     D:9: 705 daAuts
   Orc:1: 70 daAuts
   Orc:2: 32 daAuts
  Temple: 27 daAuts
